| TOP OF THE 1ST |
|
Beloit Snappers batting - Pitching for Charleston RiverDogs : LHP Colin Scott
|
|
Pitching: LHP Colin Scott
|
|
|
Batting: LHB Nate Melendez
|
0-0: Called Strike 0-1: Foul Ball, location: 2F 0-2: Ball 1-2: Strikes out swinging
|
|
Batting: LHB Oscar Curiel
|
0-0: Ball 1-0: Swinging Strike 1-1: Ball 2-1: Swinging Strike 2-2: Ground out U3 (Groundball, 3, EV 106.2 MPH)
|
|
Batting: RHB Walt Alaniz
|
0-0: Foul Ball, location: 2F 0-1: Called Strike 0-2: Ball 1-2: Ball 2-2: Reached on error, E4 (Groundball, 4, EV 83.8 MPH)
|
|
Batting: RHB Manny Moron
|
0-0: Called Strike 0-1: Called Strike 0-2: Ball 1-2: Ground out 4-3 (Groundball, 4, EV 107.5 MPH)
|
| Top of the 1st over - 0 runs, 0 hits, 1 error, 1 left on base; Beloit 0 - Charleston 0 |
| BOTTOM OF THE 1ST |
|
Charleston RiverDogs batting - Pitching for Beloit Snappers : RHP Caleb Hansberger
|
|
Pitching: RHP Caleb Hansberger
|
|
|
Batting: LHB Ernesto Abreu
|
0-0: Swinging Strike 0-1: Ball 1-1: Foul Ball, location: 2F 1-2: Foul Ball, location: 2F 1-2: Ball 2-2: Strikes out swinging
|
|
Batting: LHB Joe Vida
|
0-0: Ball 1-0: Called Strike 1-1: Foul Ball, location: 2F 1-2: Foul Ball, location: 2F 1-2: Ball 2-2: Ball 3-2: Foul Ball, location: 2F 3-2: Foul Ball, location: 2F 3-2: Base on Balls
|
|
Batting: LHB Marc Durgin
|
0-0: Called Strike Joe Vida is caught stealing 2nd base 2-6 0-1: Foul Ball, location: 2F 0-2: SINGLE (Line Drive, 56D, EV 106.9 MPH)
|
|
Batting: RHB Iften Olujimi
|
0-0: Called Strike 0-1: Foul Ball, location: 2F 0-2: Strikes out swinging
|
| Bottom of the 1st over - 0 runs, 1 hit, 0 errors, 1 left on base; Beloit 0 - Charleston 0 |
| TOP OF THE 2ND |
|
Beloit Snappers batting - Pitching for Charleston RiverDogs : LHP Colin Scott
|
|
Batting: RHB Rafael Alarcon
|
0-0: Ball 1-0: Called Strike 1-1: Ball 2-1: Swinging Strike 2-2: Ball 3-2: Strikes out swinging
|
|
Batting: RHB Chris Temple
|
0-0: Called Strike 0-1: Ball 1-1: Ball 2-1: Ball 3-1: SINGLE (Line Drive, 78S, EV 109.4 MPH)
|
|
Batting: LHB Ed Talamantes
|
0-0: Fly out, F4 (Line Drive, 4D, EV 77.5 MPH) Lined into DP, 4-3 (Line Drive, 4D, EV 70.0 MPH)
|
| Top of the 2nd over - 0 runs, 1 hit, 0 errors, 0 left on base; Beloit 0 - Charleston 0 |
| BOTTOM OF THE 2ND |
|
Charleston RiverDogs batting - Pitching for Beloit Snappers : RHP Caleb Hansberger
|
|
Batting: RHB Mike Zern
|
0-0: Ball 1-0: Called Strike 1-1: Fly out, F7 (Flyball, 78D, EV 99.4 MPH)
|
|
Batting: RHB Jeff McClellan
|
0-0: Swinging Strike 0-1: Foul Ball, location: 2F 0-2: Ball 1-2: Ball 2-2: SINGLE (Flyball, 56D, EV 83.8 MPH)
|
|
Batting: RHB Michael Patterson
|
0-0: Called Strike 0-1: Called Strike 0-2: Ball 1-2: Strikes out looking
|
|
Batting: RHB Bryan Massey
|
0-0: Ball 1-0: Foul Ball, location: 2F 1-1: Foul Ball, location: 2F 1-2: Ball 2-2: Foul Ball, location: 2F 2-2: Ball 3-2: Ground out 6-3 (Groundball, 6, EV 83.1 MPH)
|
| Bottom of the 2nd over - 0 runs, 1 hit, 0 errors, 1 left on base; Beloit 0 - Charleston 0 |
| TOP OF THE 3RD |
|
Beloit Snappers batting - Pitching for Charleston RiverDogs : LHP Colin Scott
|
|
Batting: RHB Jason Dove
|
0-0: Called Strike 0-1: Ground out 6-3 (Groundball, 6, EV 81.9 MPH)
|
|
Batting: RHB Tim Anderson
|
0-0: Called Strike 0-1: Ground out 6-3 (Groundball, 6, EV 108.1 MPH)
|
|
Batting: LHB Nate Melendez
|
0-0: Called Strike 0-1: Foul Ball, location: 2F 0-2: Ball 1-2: Ball 2-2: Strikes out swinging, 2-3 out at first.
|
| Top of the 3rd over - 0 runs, 0 hits, 0 errors, 0 left on base; Beloit 0 - Charleston 0 |
| BOTTOM OF THE 3RD |
|
Charleston RiverDogs batting - Pitching for Beloit Snappers : RHP Caleb Hansberger
|
|
Batting: RHB Louwe Starmans
|
0-0: Called Strike 0-1: Ground out 6-3 (Groundball, 6, EV 92.5 MPH)
|
|
Batting: LHB Ernesto Abreu
|
0-0: Ground out 5-3 (Groundball, 56, EV 78.8 MPH)
|
|
Batting: LHB Joe Vida
|
0-0: Reaches on Catchers interference
|
|
Batting: LHB Marc Durgin
|
0-0: Called Strike 0-1: Ball 1-1: Called Strike 1-2: Fly out, F4 (Line Drive, 4, EV 71.2 MPH)
|
| Bottom of the 3rd over - 0 runs, 0 hits, 1 error, 1 left on base; Beloit 0 - Charleston 0 |
| TOP OF THE 4TH |
|
Beloit Snappers batting - Pitching for Charleston RiverDogs : LHP Colin Scott
|
|
Batting: LHB Oscar Curiel
|
0-0: Ball 1-0: Foul Ball, location: 2F 1-1: SINGLE (Line Drive, 56D, EV 95.6 MPH)
|
|
Batting: RHB Walt Alaniz
|
0-0: Foul Ball, location: 2F 0-1: Ball 1-1: Foul Ball, location: 2F 1-2: Grounds into double play, 4-6-3 (Groundball, 4, EV 100.0 MPH)
|
|
Batting: RHB Manny Moron
|
0-0: SINGLE (Groundball, 34D, EV 100.6 MPH)
|
|
Batting: RHB Rafael Alarcon
|
0-0: Foul Ball, location: 2F 0-1: Foul Ball, location: 2F 0-2: Ball 1-2: Ball 2-2: Ball 3-2: SINGLE (Line Drive, 7LS, EV 106.2 MPH) Manny Moron to second Manny Moron to third
|
|
Batting: RHB Chris Temple
|
0-0: Ball 1-0: Fielders Choice at 2nd, 6-4 (Groundball, 6D, EV 103.1 MPH)
|
| Top of the 4th over - 0 runs, 3 hits, 0 errors, 2 left on base; Beloit 0 - Charleston 0 |
| BOTTOM OF THE 4TH |
|
Charleston RiverDogs batting - Pitching for Beloit Snappers : RHP Caleb Hansberger
|
|
Batting: RHB Iften Olujimi
|
0-0: Called Strike 0-1: Called Strike 0-2: Ball 1-2: Foul Ball, location: 2F 1-2: Hit by Pitch
|
|
Batting: RHB Mike Zern
|
0-0: Grounds into double play, 3-6-3 (Groundball, 3S, EV 89.4 MPH)
|
|
Batting: RHB Jeff McClellan
|
0-0: Ball 1-0: SINGLE (Line Drive, 8RS, EV 105.6 MPH)
|
|
Batting: RHB Michael Patterson
|
0-0: Called Strike 0-1: Swinging Strike 0-2: Ball 1-2: Ball 2-2: Foul Ball, location: 2F 2-2: Foul Ball, location: 2F 2-2: Strikes out swinging, 2-3 out at first.
|
| Bottom of the 4th over - 0 runs, 1 hit, 0 errors, 1 left on base; Beloit 0 - Charleston 0 |
| TOP OF THE 5TH |
|
Beloit Snappers batting - Pitching for Charleston RiverDogs : LHP Colin Scott
|
|
Batting: LHB Ed Talamantes
|
0-0: Swinging Strike 0-1: Foul Ball, location: 2F 0-2: Foul Ball, location: 2F 0-2: Strikes out swinging
|
|
Batting: RHB Jason Dove
|
0-0: Ball 1-0: Ball 2-0: Ball 3-0: Base on Balls
|
|
Batting: RHB Tim Anderson
|
0-0: Called Strike 0-1: Foul Ball, location: 2F 0-2: Ball 1-2: Ball 2-2: Strikes out swinging
|
|
Batting: LHB Nate Melendez
|
0-0: Ball 1-0: DOUBLE (Flyball, 78D, EV 101.2 MPH) Jason Dove to third Runner from 3rd tries for Home, SAFE, throw by LF to trailing runner, OUT at third! 7-3-5
|
| Top of the 5th over - 1 run, 1 hit, 0 errors, 0 left on base; Beloit 1 - Charleston 0 |
| BOTTOM OF THE 5TH |
|
Charleston RiverDogs batting - Pitching for Beloit Snappers : RHP Caleb Hansberger
|
|
Batting: RHB Bryan Massey
|
0-0: SINGLE (Groundball, 56D, EV 97.5 MPH)
|
|
Batting: RHB Louwe Starmans
|
0-0: Ball 1-0: Foul Ball, location: 2F 1-1: Foul Ball, location: 2F 1-2: Strikes out swinging
|
|
Batting: LHB Ernesto Abreu
|
0-0: Called Strike 0-1: Ball 1-1: SINGLE (Groundball, 4M, EV 85.6 MPH) (infield hit) Bryan Massey to second
|
|
Batting: LHB Joe Vida
|
0-0: Fielders Choice at 2nd, 3-6 (Groundball, 3, EV 82.5 MPH) Bryan Massey to third
|
|
Batting: LHB Marc Durgin
|
0-0: Called Strike 0-1: Ball 1-1: Ball 2-1: Ground out 5-3 (Groundball, 56S, EV 78.8 MPH)
|
| Bottom of the 5th over - 0 runs, 2 hits, 0 errors, 2 left on base; Beloit 1 - Charleston 0 |
| TOP OF THE 6TH |
|
Beloit Snappers batting - Pitching for Charleston RiverDogs : LHP Colin Scott
|
|
Batting: LHB Oscar Curiel
|
0-0: Foul Ball, location: 2F 0-1: Foul Ball, location: 2F 0-2: Foul Ball, location: 2F 0-2: Ground out 4-3 (Groundball, 4, EV 80.0 MPH)
|
|
Batting: RHB Walt Alaniz
|
0-0: Called Strike 0-1: Ball 1-1: Ground out U3 (Groundball, 34, EV 81.2 MPH)
|
|
Batting: RHB Manny Moron
|
0-0: DOUBLE (Groundball, 5L, EV 97.5 MPH)
|
|
Batting: RHB Rafael Alarcon
|
0-0: Called Strike 0-1: Swinging Strike 0-2: SINGLE (Groundball, 34D, EV 106.2 MPH) Manny Moron to third
|
|
Batting: RHB Chris Temple
|
0-0: Called Strike 0-1: Ball 1-1: Called Strike 1-2: Ball 2-2: Ball 3-2: Foul Ball, location: 2F 3-2: Fly out, F8 (Flyball, 8RD, EV 95.6 MPH)
|
| Top of the 6th over - 0 runs, 2 hits, 0 errors, 2 left on base; Beloit 1 - Charleston 0 |
| BOTTOM OF THE 6TH |
|
Charleston RiverDogs batting - Pitching for Beloit Snappers : RHP Caleb Hansberger
|
|
Batting: RHB Iften Olujimi
|
0-0: Ball 1-0: Ball 2-0: Ball 3-0: Base on Balls
|
|
Batting: RHB Mike Zern
|
0-0: Called Strike Iften Olujimi is caught stealing 2nd base 2-4 0-1: Ball 1-1: Ground out 6-3 (Groundball, 6, EV 105.6 MPH)
|
|
Batting: RHB Jeff McClellan
|
0-0: Called Strike 0-1: Ball 1-1: Called Strike 1-2: Ground out 5-3 (Groundball, 56S, EV 80.6 MPH)
|
| Bottom of the 6th over - 0 runs, 0 hits, 0 errors, 0 left on base; Beloit 1 - Charleston 0 |
| TOP OF THE 7TH |
|
Beloit Snappers batting - Pitching for Charleston RiverDogs : LHP Colin Scott
|
|
Batting: LHB Ed Talamantes
|
0-0: Foul Ball, location: 2F 0-1: Foul Ball, location: 2F 0-2: Foul Ball, location: 2F 0-2: Fly out, F7 (Flyball, 7D, EV 85.0 MPH)
|
|
Pitching: RHP Greg Ritchie
|
|
|
Batting: RHB Jason Dove
|
0-0: Called Strike 0-1: Foul Ball, location: 2F 0-2: Ground out 4-3 (Groundball, 4, EV 82.5 MPH)
|
|
Batting: RHB Tim Anderson
|
0-0: Ball 1-0: Ball 2-0: Called Strike 2-1: Ball 3-1: Ground out 6-3 (Groundball, 6, EV 98.1 MPH)
|
| Top of the 7th over - 0 runs, 0 hits, 0 errors, 0 left on base; Beloit 1 - Charleston 0 |
| BOTTOM OF THE 7TH |
|
Charleston RiverDogs batting - Pitching for Beloit Snappers : RHP Caleb Hansberger
|
|
Pitching: RHP Kyle Rasor
|
|
|
Batting: RHB Michael Patterson
|
0-0: Called Strike 0-1: Called Strike 0-2: Ball 1-2: Ground out 3-1 (Groundball, 34S, EV 85.6 MPH)
|
|
Batting: RHB Bryan Massey
|
0-0: Ball 1-0: Called Strike 1-1: Ground out 4-3 (Groundball, 4, EV 87.5 MPH)
|
|
Pinch Hitting: SHB Tadaaki Kondo
|
0-0: Ball 1-0: Ball 2-0: Ball 3-0: Base on Balls
|
|
Batting: LHB Ernesto Abreu
|
0-0: Called Strike Tadaaki Kondo steals 2nd base 0-1: Foul Ball, location: 2F 0-2: Strikes out swinging
|
| Bottom of the 7th over - 0 runs, 0 hits, 0 errors, 1 left on base; Beloit 1 - Charleston 0 |
| TOP OF THE 8TH |
|
Beloit Snappers batting - Pitching for Charleston RiverDogs : RHP Greg Ritchie
|
|
Now at 3B: Tadaaki Kondo
|
|
|
Batting: LHB Nate Melendez
|
0-0: Ball 1-0: Ball 2-0: Ball 3-0: Foul Ball, location: 2F 3-1: Base on Balls
|
|
Batting: LHB Oscar Curiel
|
0-0: Ball 1-0: Ball 2-0: SINGLE (Groundball, 4MD, EV 108.8 MPH) Nate Melendez to second Runner from 2nd tries for 3rd, OUT! 8-5
|
|
Batting: RHB Walt Alaniz
|
0-0: Called Strike 0-1: Foul Ball, location: 2F 0-2: Foul Ball, location: 2F 0-2: Strikes out looking
|
|
Batting: RHB Manny Moron
|
0-0: Ball 1-0: Foul Ball, location: 2F 1-1: Foul Ball, location: 2F 1-2: Ball 2-2: Ball 3-2: Ground out 5-3 (Groundball, 56, EV 90.6 MPH)
|
| Top of the 8th over - 0 runs, 1 hit, 0 errors, 1 left on base; Beloit 1 - Charleston 0 |
| BOTTOM OF THE 8TH |
|
Charleston RiverDogs batting - Pitching for Beloit Snappers : RHP Kyle Rasor
|
|
Pitching: RHP Tony Contreras
|
|
|
Batting: LHB Joe Vida
|
0-0: Ball 1-0: Ball 2-0: Called Strike 2-1: Fly out, F5 (Line Drive, 5L, EV 63.1 MPH)
|
|
Batting: LHB Marc Durgin
|
0-0: Fly out, F6 (Popup, 6MD, EV 70.0 MPH)
|
|
Pinch Hitting: LHB Jeremiah Walker
|
0-0: Called Strike 0-1: Ball 1-1: Foul Ball, location: 2F 1-2: SINGLE (Line Drive, 6MD, EV 96.2 MPH)
|
|
Batting: RHB Mike Zern
|
0-0: Called Strike 0-1: SINGLE (Groundball, 5D, EV 103.1 MPH) Jeremiah Walker to second
|
|
Pinch Runner at 2nd John Sprenkel:
|
|
|
Batting: RHB Jeff McClellan
|
0-0: Ball 1-0: Called Strike 1-1: Foul Ball, location: 2F 1-2: Ground out U3 (Groundball, 3, EV 83.8 MPH)
|
| Bottom of the 8th over - 0 runs, 2 hits, 0 errors, 2 left on base; Beloit 1 - Charleston 0 |
| TOP OF THE 9TH |
|
Beloit Snappers batting - Pitching for Charleston RiverDogs : RHP Greg Ritchie
|
|
Pitching: RHP Willie Perez
|
|
|
Now at 1B: Francisco Aguayo
|
|
|
Batting: RHB Rafael Alarcon
|
0-0: Foul Ball, location: 2F 0-1: Swinging Strike 0-2: Ball 1-2: Strikes out swinging
|
|
Batting: RHB Chris Temple
|
0-0: SINGLE (Line Drive, 7S, EV 98.1 MPH)
|
|
Batting: LHB Ed Talamantes
|
0-0: Called Strike 0-1: Ball 1-1: Ball 2-1: Fielders Choice at 2nd, 6-4 (Groundball, 6, EV 82.5 MPH)
|
|
Batting: RHB Jason Dove
|
0-0: Ball Ed Talamantes is caught stealing 2nd base 2-4
|
| Top of the 9th over - 0 runs, 1 hit, 0 errors, 0 left on base; Beloit 1 - Charleston 0 |
| BOTTOM OF THE 9TH |
|
Charleston RiverDogs batting - Pitching for Beloit Snappers : RHP Tony Contreras
|
|
Batting: RHB Michael Patterson
|
0-0: Ground out 6-3 (Groundball, 6, EV 88.8 MPH)
|
|
Pinch Hitting: LHB Andrew Davis
|
0-0: Ball 1-0: Called Strike 1-1: Foul Ball, location: 2F 1-2: Ball 2-2: Ground out 6-3 (Groundball, 56S, EV 79.4 MPH)
|
|
Batting: SHB Tadaaki Kondo
|
0-0: Fly out, F8 (Line Drive, 8RD, EV 93.1 MPH)
|
| Bottom of the 9th over - 0 runs, 0 hits, 0 errors, 0 left on base; Beloit 1 - Charleston 0 |
|